 Dungeon Crawl Stone Soup version 0.31-a0-870-g10ed682358 (webtiles) character file.

Game seed: 8660085234097418084

10368 EnjSadman the Basher (level 11, -4/99 HPs)
             Began as a Minotaur Fighter on Oct 12, 2023.
             Slain by a yak (9 damage)
             ... on level 10 of the Dungeon.
             The game lasted 00:19:28 (7498 turns).

EnjSadman the Basher (Minotaur Fighter)             Turns: 7498, Time: 00:19:28

Health: -4/99      AC: 20    Str: 32    XL:     11   Next: 35%
Magic:  10/10      EV: 12    Int:  5    God:
Gold:   1332       SH: 10    Dex:  9    Spells: 10/10 levels left

rFire   + + .        B - +1 flail (protect)
rCold   x . .        F - +0 kite shield
rNeg    + . .        b - +0 scale mail
rPois   .            (helmet restricted)
rElec   .            s - +0 cloak
rCorr   +            d - +2 pair of gloves
SInv    .            (no boots)
Will    .....        (no amulet)
Stlth   +            a - ring "Vimao" {rF++ rC- rN+ Str+6}
HPRegen 0.36/turn    y - ring of resist corrosion
MPRegen 0.12/turn

%: no passive effects
@: under a protective aura, studying Armour
A: horns 2, retaliatory headbutt, deterioration 1
a: no special abilities


You were on level 10 of the Dungeon.
You visited 2 branches of the dungeon, and saw 11 of its levels.
You also visited: Sewer and Ossuary.

You collected 1502 gold pieces.
You spent 170 gold pieces at shops.

Inventory:

Hand Weapons
 B - a +1 flail of protection (weapon)
Armour
 b - a +0 scale mail (worn)
 d - a +2 pair of gloves (worn)
 s - a +0 cloak (worn)
 F - a +0 kite shield (worn)
Jewellery
 a - the ring "Vimao" (left hand) {rF++ rC- rN+ Str+6}
   (You acquired it on level 6 of the Dungeon)

   [ring of positive energy]

   Str+6:     It affects your strength (+6).
   rF++:      It greatly protects you from fire.
   rC-:       It makes you vulnerable to cold.
   rN+:       It protects you from negative energy.
 e - an amulet of magic regeneration
 y - a ring of resist corrosion (right hand)
 z - a ring of magical power
 G - a ring of fire
Wands
 j - a wand of mindburst (7)
 t - a wand of charming (25)
 u - a wand of iceblast (12)
Scrolls
 f - a scroll of enchant weapon
 h - a scroll of butterflies
 k - a scroll of torment {unknown}
 m - 5 scrolls of teleportation
 n - a scroll of amnesia
 v - 2 scrolls of enchant armour
 w - 2 scrolls of revelation
 C - 2 scrolls of vulnerability {unknown}
 E - a scroll of fog {unknown}
 H - a scroll of brand weapon {unknown}
Potions
 g - a potion of lignification
 i - 2 potions of enlightenment
 l - 4 potions of magic
 o - 2 potions of resistance {unknown}
 p - a potion of attraction
 q - 3 potions of might
 r - 2 potions of invisibility
 x - 2 potions of brilliance {unknown}
 A - a potion of cancellation {unknown}
 D - 2 potions of haste {unknown}
 I - a potion of degeneration {unknown}


   Skills:
 + Level 9.9 Fighting
 + Level 12.7 Maces & Flails
 + Level 10.6 Armour
 + Level 7.8 Dodging
 + Level 3.8 Stealth
 + Level 9.1 Shields
 + Level 3.8 Evocations


You had 10 spell levels left.
You didn't know any spells.
Your spell library contained the following spells:

 Spells                   Type           Power      Damage    Failure   Level
 Apportation              Tloc           0%         N/A       83%         1
 Magic Dart               Conj           0%         1d3       83%         1
 Slow                     Hex            0%         N/A       83%         1
 Blink                    Tloc           0%         N/A       92%         2
 Call Imp                 Summ           0%         N/A       92%         2
 Jinxbite                 Hex            0%         N/A       92%         2
 Lesser Beckoning         Tloc           0%         N/A       92%         2
 Momentum Strike          Conj/Tloc      0%         3d8       92%         2
 Confusing Touch          Hex            0%         N/A       99%         3
 Mephitic Cloud           Conj/Pois/Air  0%         N/A       99%         3
 Sigil of Binding         Hex            0%         N/A       99%         3
 Stone Arrow              Conj/Erth      0%         3d7       99%         3
 Vampiric Draining        Necr           0%         2d6       99%         3
 Animate Armour           Summ/Erth      0%         N/A       100%        4
 Cause Fear               Hex            0%         N/A       100%        4
 Alistair's Intoxication  Tmut/Pois      0%         N/A       100%        5
 Fireball                 Conj/Fire      0%         3d3       100%        5
 Spellforged Servitor     Conj/Summ      0%         N/A       100%        7
 Lehudib's Crystal Spear  Conj/Erth      0%         10d2      100%        8
 Dragon's Call            Summ           0%         N/A       100%        9


Dungeon Overview and Level Annotations

Branches:
Dungeon (10/15)            Temple (1/1) D:5            Lair (0/5) D:8
    Orc (0/2) D:10          Sewer (visited)         Ossuary (visited)

Altars:
Ashenzari
Cheibriados
Dithmenos
Elyvilon
Fedhas
Gozag
Hepliaklqana
Kikubaaqudgha
Makhleb
Nemelex Xobeh
Okawaru
Qazlal
Ru
Sif Muna
Trog
Uskayaw
Vehumet
Wu Jian
Xom
Yredelemnul
Zin
The Shining One

Shops:
D:6 *   D:8 !

Annotations:
D:7 2 transporters, Talonman3's ghost, novice DrCj


Innate Abilities, Weirdness & Mutations

You have a pair of horns on your head.
You reflexively headbutt those who attack you in melee.
Your body sometimes deteriorates upon taking damage.


Message History

You hit the yak but do no damage. Your headbutt misses the yak.
The yak is heavily wounded.
The yak gores you but does no damage.
You hit the yak.
The yak is severely wounded.
The yak gores you but does no damage. The yak completely misses you.
You furiously retaliate!
You headbutt the yak! The yak gores you but does no damage.
You sock the yak!
You kill the yak!
The yak barely misses you. x2
You hit the yak.
The yak is lightly wounded.
The yak gores you!
* * * LOW HITPOINT WARNING * * *
The yak gores you but does no damage.
You feel much better. You block the yak's attack.
The yak gores you but does no damage. The yak barely misses you.
You bludgeon the yak!! You headbutt the yak.
The yak is almost dead.
The yak gores you!
* * * LOW HITPOINT WARNING * * *
The yak closely misses you. The yak gores you!
* * * LOW HITPOINT WARNING * * *
You hit the yak.
You kill the yak!
The yak gores you.
* * * LOW HITPOINT WARNING * * *
The yak gores you.
* * * LOW HITPOINT WARNING * * *
You hit the yak. You headbutt the yak.
The yak is severely wounded.
The yak misses you.
You barely miss the yak.
The yak is severely wounded.
The yak gores you but does no damage.
You sock the yak! Your headbutt misses the yak.
The yak is almost dead.
You block the yak's attack. The yak gores you!
You die...

.... .. #.#...# ..#####..
#.....# ......... #..>..
.. .........
#....##'###..........
#.#..#....#.........#
#....#....#.........#
#....#....#)Y.......#
#....#....#@####....#
#.##.#....#†Y........
#....'....#.......##
#....#....#.......#
#..#.#....#....##.# #
#..#.#....'.......##+###
#
#....#....###'#####....##
#
#....#(...##....YYY.....#
#
#....#....##.......Y.(..#
#


You could see 2 yaks.

Vanquished Creatures
  Erica (D:8)
  A kobold demonologist (D:10)
  Psyche (D:8)
  A komodo dragon (D:8)
  A shadow (D:9)
  3 wyverns (D:10)
  A wraith (D:9)
  14 yaks
  A steam dragon (D:8)
  An acid dragon (D:9)
  2 water moccasins (D:8)
  Pargi (Sewer)
  An ice beast (D:6)
  A sky beast (D:8)
  3 black bears
  5 orc warriors
  3 ogres
  A centaur (D:8)
  4 kobold brigands
  Blork the orc (D:5)
  2 gnoll sergeants
  6 bullfrogs
  4 scorpions
  2 elf skeletons (D:6)
  3 wights (D:9)
  3 killer bees (D:9)
  A howler monkey (D:9)
  4 centaur zombies (Ossuary)
  2 hounds (D:6)
  2 jellies
  4 human zombies
  5 orc priests
  4 gnoll boudas
  A sleepcap (D:4)
  2 human skeletons (D:6)
  Terence (D:3)
  4 orc wizards
  3 iguanas
  2 mummies (Ossuary)
  Robin (D:2)
  29 gnolls
  11 adders
  2 shadow imps (D:7)
  A white imp (D:7)
  3 ufetubi
  An adder zombie (Ossuary)
  A worm (D:4)
  3 dart slugs
  42 orcs
  7 ball pythons
  5 endoplasms
  5 giant cockroaches
  12 goblins
  9 hobgoblins
  26 kobolds
  4 quokkas
  2 bats
  3 frilled lizards
  9 hobgoblin zombies (Ossuary)
  A jackal zombie (Ossuary)
  10 kobold zombies (Ossuary)
  8 orc zombies (Ossuary)
  7 rats
  2 rat zombies (Ossuary)
306 creatures vanquished.

Vanquished Creatures (others)
  An orc wizard (D:7)
1 creature vanquished.

Grand Total: 307 creatures vanquished

Notes
Turn   | Place    | Note
-------+----------+-------------------------------------------
     0 | D:1      | EnjSadman the Minotaur Fighter began the quest for the Orb.
     0 | D:1      | Reached XP level 1. HP: 19/19 MP: 0/0
   182 | D:1      | Gained mutation: Your mind is acute. (Int +4, Str/Dex -1)
                  | [potion of mutation]
   182 | D:1      | Gained mutation: You have a pair of large horns on your
                  | head. [potion of mutation]
   192 | D:1      | Reached XP level 2. HP: 27/27 MP: 1/1
   591 | D:2      | Reached XP level 3. HP: 31/33 MP: 2/2
   690 | D:2      | Reached skill level 3 in Maces & Flails
   906 | D:2      | Noticed Robin
   937 | D:2      | Killed Robin
   938 | D:2      | Reached XP level 4. HP: 15/40 MP: 3/3
  1031 | D:2      | You fall into a shaft and drop 1 floor!
  1234 | D:3      | Found the +3 hat of Pondering {ponderous, Will+ MP+10
                  | Int+5}
  1284 | D:3      | Noticed Terence
  1287 | D:3      | Found a stormy altar of Qazlal.
  1295 | D:3      | Killed Terence
  1560 | D:3      | Reached skill level 4 in Maces & Flails
  1767 | D:3      | Found a faded altar of an unknown god.
  1840 | D:4      | Identified the +8 dagger "Xem Duoc" {flame, Int+3}
  1844 | D:4      | Noticed a scorpion
  1849 | D:4      | Killed a scorpion
  1850 | D:4      | Reached skill level 1 in Dodging
  1850 | D:4      | Reached XP level 5. HP: 47/47 MP: 4/4
  1903 | D:4      | Reached skill level 5 in Maces & Flails
  2042 | D:4      | Reached XP level 6. HP: 50/53 MP: 5/5
  2386 | D:4      | Reached skill level 5 in Armour
  2585 | D:5      | Entered Level 5 of the Dungeon
  2595 | D:5      | Reached skill level 6 in Maces & Flails
  2626 | D:5      | Reached XP level 7. HP: 35/60 MP: 6/6
  2744 | D:5      | Reached skill level 5 in Fighting
  2788 | D:5      | Noticed Blork the orc
  2800 | D:5      | Killed Blork the orc
  2991 | D:5      | Found a glowing drain.
  3014 | Sewer    | Entered a sewer
  3017 | Sewer    | Noticed Pargi
  3025 | Sewer    | Killed Pargi
  3026 | Sewer    | Reached skill level 7 in Maces & Flails
  3026 | Sewer    | Reached skill level 5 in Shields
  3275 | D:5      | Found a staircase to the Ecumenical Temple.
  3291 | Temple   | Entered the Ecumenical Temple
  3373 | D:5      | Reached XP level 8. HP: 70/70 MP: 7/7
  3632 | D:5      | Found a shadowy altar of Dithmenos.
  3633 | D:5      | Found a sparkling altar of Nemelex Xobeh.
  3634 | D:5      | Found a snail-covered altar of Cheibriados.
  3773 | D:6      | Reached skill level 8 in Maces & Flails
  3784 | D:6      | Reached skill level 9 in Maces & Flails
  3784 | D:6      | Reached XP level 9. HP: 33/81 MP: 8/8
  3894 | D:6      | Reached skill level 10 in Maces & Flails
  3917 | D:6      | Found a sand-covered staircase.
  3971 | Ossuary  | Entered an ossuary
  4311 | D:6      | Found Uqumiw's General Store.
  4329 | D:6      | Bought a scroll of identify for 30 gold pieces
  4329 | D:6      | Bought a scroll of identify for 30 gold pieces
  4329 | D:6      | Identified 3 scrolls of acquirement
  4333 | D:6      | Acquired 908 gold pieces
  4338 | D:6      | Acquired the ring "Vimao" {rF++ rC- rN+ Str+6}
  4339 | D:6      | Acquired a manual of Armour
  4970 | D:7      | Found an ornate altar of the Wu Jian Council.
  4992 | D:7      | Noticed Talonman3's ghost (novice DrCj)
  5012 | D:7      | Found a transporter.
  5028 | D:7      | Reached XP level 10. HP: 79/90 MP: 9/9
  5137 | D:7      | Found a transporter.
  5194 | D:7      | Found an iron altar of Okawaru.
  5194 | D:7      | Found a burning altar of Makhleb.
  5213 | D:8      | Noticed Psyche
  5224 | D:8      | Killed Psyche
  5323 | D:8      | Noticed Erica
  5359 | D:8      | Killed Erica
  5360 | D:8      | Reached skill level 11 in Maces & Flails
  5671 | D:8      | Found Modedon's Distillery.
  5679 | D:8      | Bought a potion of berserk rage for 50 gold pieces
  5679 | D:8      | Bought a potion of curing for 30 gold pieces
  5679 | D:8      | Bought a potion of lignification for 30 gold pieces
  5741 | D:8      | Found a staircase to the Lair.
  5749 | D:8      | Lost mutation: You have a pair of large horns on your head.
                  | [potion of mutation]
  5749 | D:8      | Lost mutation: Your mind is acute. (Int +4, Str/Dex -1)
                  | [potion of mutation]
  5749 | D:8      | Gained mutation: Your body sometimes deteriorates upon
                  | taking damage. [potion of mutation]
  6179 | D:9      | Reached skill level 12 in Maces & Flails
  6184 | D:9      | Reached XP level 11. HP: 18/97 MP: 10/10
  6464 | D:9      | Got an antique book
  6723 | D:10     | Entered Level 10 of the Dungeon
  6923 | D:10     | Reached skill level 10 in Armour
  7046 | D:10     | Found a staircase to the Orcish Mines.
  7492 | D:10     | HP: 1/99 [yak (10)]
  7498 | D:10     | Slain by a yak

Illustrated notes

Levels and vault maps discovered:
D:1:      onia_arrival_pentagram, layout_basic, reono_crystal_passage
D:2:      layout_rooms, kennysheep_generic_room_10, uniq_robin
D:3:      layout_loops_ring, mainiacjoe_overflow_catwalk,
          hellmonk_ecumenical_altar_inner_sanctum, uniq_terence
D:4:      kennysheep_six_static_rooms, layout_cave_pools
D:5:      layout_basic, chequers_temple_overflow_statue_of_worship,
          minmay_temple_entry_arrows, gup_sewer_entry_glass, uniq_blork_the_orc
D:6:      layout_cave_pools, serial_shops, nicolae_shop_stone,
          nicolae_ossuary_entry_catacombs
D:7:      layout_cave_pods, gammafunk_temple_overflow_elements,
          old_standard_altar, nzn_ghost_randoct
D:8:      layout_rooms, due_lair_maze_entry_diamond, serial_shops, shop,
          uniq_psyche, uniq_erica
D:9:      layout_rooms
D:10:     layout_stronghold, hiddenorc1_lemuel
Temple:   nicolae_temple_bog_church

Skill      XL: |  1  2  3  4  5  6  7  8  9 10 11 |
---------------+----------------------------------+-----
Fighting       | 4 5 8 9 |  9.9
Armour         | 4 5 8 9 10 | 10.6
Shields        | 4 5 7 8 9 |  9.1
Maces & Flails | 3 4 5 6 7 9 10 12 | 12.7
Dodging        | 1 2 3 6 7 |  7.8
Stealth        | 3 |  3.8
Evocations     | 3 |  3.8

Action                     |  1- 3 |  4- 6 |  7- 9 | 10-12 || total
---------------------------+-------+-------+-------+-------++-------
  Melee: Flail             |    65 |   130 |   258 |   346 ||   799
         Headbutt          |    10 |    20 |    55 |    58 ||   143
  Evoke: Wand              |       |       |     2 |       ||     2
    Use: Potion            |     3 |       |     7 |     6 ||    16
         Scroll            |     1 |     2 |     7 |     2 ||    12
 Armour: Scale mail        |    54 |    97 |   235 |   191 ||   577
         Skin              |       |       |       |    74 ||    74
  Dodge: Dodged            |    36 |    64 |   195 |   149 ||   444
  Block: Buckler           |    18 |    36 |    79 |    61 ||   194
         Kite shield       |       |       |       |    68 ||    68

Table legend: (Time is in decaauts)
 A = Elapsed time spent in this place.
 B = Non-inter-level travel time spent in this place.
 C = Inter-level travel time spent in this place.
 D = Time resting spent in this place.
 E = Time spent auto-exploring this place.
 F = Levels seen in this place.
 G = Mean time per level.
                   A        B        C        D        E       F      G
               +--------+--------+--------+--------+--------+-----+--------+
         Total |   7497 |   7273 |    224 |    434 |   5103 |  13 |  576.7 |
       Dungeon |   6963 |   6739 |    224 |    434 |   4777 |  10 |  696.3 |
        Temple |     25 |     25 |      0 |      0 |      0 |   1 |   25.0 |
         Sewer |    202 |    202 |      0 |      0 |    139 |   1 |  202.0 |
       Ossuary |    305 |    305 |      0 |      0 |    187 |   1 |  305.0 |
               +--------+--------+--------+--------+--------+-----+--------+

Top non-repeatable levels by time:
     D:5: 937 daAuts
     D:9: 903 daAuts
     D:4: 770 daAuts
    D:10: 753 daAuts
     D:6: 669 daAuts
     D:2: 646 daAuts
     D:3: 624 daAuts
     D:8: 588 daAuts
     D:1: 584 daAuts
     D:7: 485 daAuts
 Ossuary: 305 daAuts
   Sewer: 202 daAuts
  Temple: 25 daAuts
